 Dungeon Crawl Stone Soup version 0.22-a0-406-g9ff8d77 (webtiles) character file.

695 Borgoz the Skirmisher (level 7, 0/44 HPs)
             Began as a Gargoyle Abyssal Knight on May 8, 2018.
             Was a Priest of Lugonu.
             Shot with an arrow by a centaur (7 damage)
             ... on level 5 of the Dungeon.
             The game lasted 00:07:43 (6393 turns).

Borgoz the Skirmisher (Gargoyle Abyssal Knight)     Turns: 6393, Time: 00:07:43

Health: 0/44       AC:  8    Str: 18    XL:     7   Next: 64%
Magic:  10/10      EV: 18    Int: 12    God:    Lugonu [***...]
Gold:   243        SH:  0    Dex: 18    Spells: 6/6 levels left

rFire    . . .     SeeInvis .   o - +1 hand axe (chop)
rCold    . . .     Gourm    .   (no shield)
rNeg     + . .     Faith    .   b - +0 leather armour
rPois    ∞         Spirit   .   (helmet restricted)
rElec    +         Reflect  .   (no cloak)
rCorr    .         Harm     .   (no gloves)
MR       .....                  (no boots)
Stlth    ++........             (no amulet)
HPRegen  0.14/turn              (no ring)
MPRegen  0.12/turn              (no ring)

@: agile
A: antennae 1, agile 1, negative energy resistance 1, electricity resistance,
strong 1, unbreathing, petrification resistance, rot immunity, AC +4
a: Depart the Abyss, Bend Space, Banish, Renounce Religion


You were on level 5 of the Dungeon.
You worshipped Lugonu.
Lugonu was most pleased with you.
You were not hungry.

You visited 2 branches of the dungeon, and saw 6 of its levels.
You visited the Abyss 1 time.

You collected 243 gold pieces.

Inventory:

Hand Weapons
 o - a +1 hand axe of chopping (weapon)
Missiles
 s - 2 throwing nets (quivered)
Armour
 b - a +0 leather armour (worn)
Wands
 d - a wand of scattershot (5)
Scrolls
 e - 3 scrolls of enchant weapon {unknown}
 f - 5 scrolls of identify {unknown}
 g - a scroll of fear {unknown}
 h - 4 scrolls of magic mapping {unknown}
 p - a scroll of teleportation {unknown}
 r - a scroll of remove curse {unknown}
 u - a scroll of fog {unknown}
 v - a scroll of blinking {unknown}
 y - a scroll of amnesia {unknown}
Potions
 a - a potion of degeneration {unknown}
 i - a potion of heal wounds {unknown}
 j - a potion of invisibility {unknown}
 k - a potion of flight {unknown}
 l - a potion of agility
 m - a potion of curing {unknown}
 n - 3 potions of mutation
 q - a potion of cancellation {unknown}
 t - a potion of brilliance {unknown}
 x - a potion of resistance {unknown}
Comestibles
 c - 8 rations
 w - 2 chunks of flesh


   Skills:
 + Level 5.1 Fighting
 + Level 3.6 Axes
 + Level 4.5 Armour
 + Level 2.9 Dodging
 + Level 4.3 Invocations


You had 6 spell levels left.
You didn't know any spells.

Dungeon Overview and Level Annotations

Branches:
Dungeon (5/15)             Temple (1/1) D:4

Altars:
Elyvilon
Fedhas
Hepliaklqana
Nemelex Xobeh
Ru
Sif Muna
Trog
Vehumet
Zin
The Shining One


Innate Abilities, Weirdness & Mutations

You are resistant to torment.
Your stone body is resilient. (AC +4)
You are immune to poison.
You resist negative energy. (rN+)
You are resistant to electric shocks. (rElec)
You can survive without breathing.
You are immune to petrification.
You are immune to rotting.
You have a pair of small antennae on your head.
You are agile. (Dex +2)
Your muscles are strong. (Str +2)


Message History

The two-headed ogre misses you.
The two-headed ogre hits you with a giant club!
You feel agile all of a sudden.
The orc wizard complains loudly.
The orc wizard gestures wildly while chanting.
The orc wizard blinks!
You closely miss the two-headed ogre.
You feel less confused.
The two-headed ogre completely misses you.
The two-headed ogre hits you with a giant club!!
Unknown command.
The two-headed ogre misses you.
The two-headed ogre hits you with a giant club!
* * * LOW HITPOINT WARNING * * *
An adder skeleton comes into view.
Something tries to affect you, but you resist.
The centaur shoots an arrow.
The arrow closely misses you.
You see here an arrow.
The centaur shoots an arrow.
The arrow hits you!
You die...

..######.<..#
..........#.#
#.######.)#.#
.######..#.#
.........#.#
.....#.(.#.#
.###.#.))#.######
<...Z............
..###....@..######
............# #.#..
..####...O.##
.#..##o.# #..(#.#
....#...####..##.#
...O.........##.#
#....#####.c##.#
#.##..........S##.#
#.....).#####.###.#


You could see a two-headed ogre, a centaur, an adder and an adder skeleton
(wandering).

Vanquished Creatures
  A phantom (D:4)
  A centaur (D:5)
  A howler monkey (D:4)
  5 orc priests (D:4)
  An orc wizard (D:5)
  A worker ant (D:3)
  11 gnolls
  8 adders
  2 oozes
  3 adder skeletons
  3 worms (D:2)
  4 leopard geckos
  11 orcs
  5 giant cockroaches
  3 goblins (D:2)
  5 hobgoblins
  2 jackals (D:2)
  4 kobolds
  A quokka (D:2)
  A ball python (D:2)
  A ball python skeleton (D:4)
  6 bats
  2 frilled lizards
  15 rats
97 creatures vanquished.

Notes
Turn   | Place    | Note
-------+----------+-------------------------------------------
     0 | Abyss:1  | Borgoz the Gargoyle Abyssal Knight began the quest for the Orb.
     0 | Abyss:1  | Reached XP level 1. HP: 14/14 MP: 2/2
    69 | Abyss:3  | Noticed an ettin
    80 | D:1      | Escaped the Abyss
   300 | D:1      | Reached * piety under Lugonu
   783 | D:1      | Reached skill level 1 in Dodging
   783 | D:1      | Reached XP level 2. HP: 19/19 MP: 3/3
  1233 | D:2      | Found a blossoming altar of Fedhas.
  1519 | D:2      | Reached XP level 3. HP: 8/23 MP: 4/4
  2249 | D:2      | Reached XP level 4. HP: 29/29 MP: 5/5
  2299 | D:3      | Reached ** piety under Lugonu
  2491 | D:3      | Gained mutation: Your muscles are strong. (Str +2) [potion of mutation]
  2491 | D:3      | Gained mutation: You are agile. (Dex +2) [potion of mutation]
  2491 | D:3      | Gained mutation: You have a pair of small antennae on your head. [potion of mutation]
  2492 | D:3      | Reached skill level 4 in Fighting
  2764 | D:2      | Reached XP level 5. HP: 27/33 MP: 7/7
  4034 | D:4      | Reached XP level 6. HP: 16/38 MP: 8/8
  4433 | D:4      | HP: 1/39 [orc priest/divine providence (13)]
  5016 | D:4      | Reached *** piety under Lugonu
  5163 | D:4      | Found a staircase to the Ecumenical Temple.
  5248 | Temple   | Entered the Ecumenical Temple
  5289 | D:4      | Reached XP level 7. HP: 30/44 MP: 9/9
  6108 | D:5      | Entered Level 5 of the Dungeon
  6142 | D:5      | Reached skill level 5 in Fighting
  6369 | D:5      | Noticed a two-headed ogre
  6393 | D:5      | Shot with an arrow by a centaur

Vault maps used:
D:1:      scummos_arrival_gate, serial_curves, eino_curves_03, eino_curves_01
D:2:      fedhas_altar_1
D:3:      first_ration
D:4:      minmay_temple_entry_glassed_door
D:5:      lemuel_coloured_pillars_altar
Temple:   compressed_dpeg_triangle_lava_temple
Abyss:3:  evilmike_abyss_exit_plants, evilmike_abyss_rune_ettins,
          evilmike_abyss_exit_smiterflies

Skill      XL: |  1  2  3  4  5  6  7 |
---------------+----------------------+-----
Dodging        | 1 2 |  2.9
Axes           | 2 3 |  3.6
Armour         | 3 4 |  4.5
Fighting       | 4 5 |  5.1
Invocations    | 3 4 |  4.3

Action                   |  1- 3 |  4- 6 |  7- 9 || total
-------------------------+-------+-------+-------++-------
Melee: Hand axe          |    96 |   210 |    75 ||   381
Invok: Depart the Abyss  |     1 |       |       ||     1
  Use: Potion            |       |     2 |     1 ||     3
 Stab: Sleeping          |       |     1 |       ||     1
  Eat: Chunk             |     4 |    10 |       ||    14
       Ration            |       |       |     1 ||     1
Armor: Leather armour    |    54 |    79 |    26 ||   159
Dodge: Dodged            |    91 |   131 |    63 ||   285

Table legend:
 A = Spawn XP
 B = Non-spawn XP
 C = Spawn XP percentage of total XP
 D = Spawn monster count
 E = Non-spawn monster count
 F = Spawn count percentage of total count
 G = Total turns spent on level
                    A         B        C        D         E        F      G
               +---------+---------+-------+---------+---------+-------+---------
         Total |       0 |     993 |   0.0 |       0 |      97 |   0.0 |  6393
               +---------+---------+-------+---------+---------+-------+---------
           D:1 |       0 |      14 |   0.0 |       0 |      11 |   0.0 |  1309
           D:2 |       0 |     114 |   0.0 |       0 |      32 |   0.0 |  1344
           D:3 |       0 |     154 |   0.0 |       0 |      19 |   0.0 |  1932
           D:4 |       0 |     508 |   0.0 |       0 |      27 |   0.0 |   979
           D:5 |       0 |     189 |   0.0 |       0 |       7 |   0.0 |   285
        Temple |       0 |      14 |   0.0 |       0 |       1 |   0.0 |   464
               +---------+---------+-------+---------+---------+-------+---------
